 Dungeon Sprint DCSS version 0.27.1-34-g3ba077fa99 (webtiles) character file.

Game seed: 7663770154227274956

0 boopmooplesden the Skirmisher (level 1, -4/22 HPs)
             Began as a Minotaur Fighter on Jan 7, 2022.
             Slain by Sigmund (12 damage)
             ... in the Dungeon (Sprint VI: "Thunderdome").
             The game lasted 00:00:24 (48 turns).

boopmooplesden the Skirmisher (Minotaur Fighter)      Turns: 48, Time: 00:00:25

Health: -4/22      AC:  7    Str: 20    XL:     1   Next: 25%
Magic:  0/0        EV:  7    Int:  3    God:
Gold:   65         SH: 14    Dex: 13    Spells: 0/0 levels left

rFire    . . .     SeeInvis .   a - +0 war axe
rCold    + . .     Faith    .   c - +0 kite shield
rNeg     + + .     Spirit   .   b - +0 scale mail
rPois    .         Reflect  +   (helmet restricted)
rElec    .         Harm     .   (no cloak)
rCorr    +         Rampage  .   (no gloves)
Will     +++..     NoTele   +   (no boots)
Stlth    ..........             q - amulet "Jomatis" {Reflect rC+ Will+ Int-2 Dex+2 SH+5}
HPRegen  0.07/turn              o - ring "Nobuciwk" {rC- Will++ rCorr Dex+2}
MPRegen  0.07/turn              p - ring "Adghiteo" {Wiz rC+ rN++ Slay-5}

@: no status effects
A: horns 2, retaliatory headbutt
a: no special abilities


You were in the Dungeon.
You visited 1 branch You collected 200 gold pieces.
You spent 135 gold pieces at shops.

Inventory:

Hand Weapons
 a - a +0 war axe (weapon)
Armour
 b - a +0 scale mail (worn)
 c - a +0 kite shield (worn)
Jewellery
 o - the ring "Nobuciwk" (left hand) {rC- Will++ rCorr Dex+2}
   (You bought it in a shop in the Dungeon)

   [ring of resist corrosion]

   Dex:       It affects your dexterity (+2).
   rC:        It makes you vulnerable to cold.
   rCorr:     It protects you from acid and corrosion.
   Will:      It greatly increases your willpower.
 p - the ring "Adghiteo" (right hand) {Wiz rC+ rN++ Slay-5}
   (You bought it in a shop in the Dungeon)

   [ring of wizardry]

   It improves your spell success rate.
   Slay:      It affects your accuracy & damage with ranged weapons and melee
   (-5).
   rC:        It protects you from cold.
   rN:        It greatly protects you from negative energy.
 q - the amulet "Jomatis" (around neck) {Reflect rC+ Will+ Int-2 Dex+2 SH+5}
   (You bought it in a shop in the Dungeon)

   [amulet of reflection]

   It reflects blocked missile attacks.
   Int:       It affects your intelligence (-2).
   Dex:       It affects your dexterity (+2).
   rC:        It protects you from cold.
   SH:        It affects your SH (+5).
   Will:      It increases your willpower.
Wands
 l - a wand of acid (5)
 m - a wand of iceblast (5)
Scrolls
 j - 4 scrolls of blinking
 n - 3 scrolls of fog
Potions
 d - a potion of might
 e - a potion of curing
 f - 4 potions of heal wounds
 g - 4 potions of haste
 h - 2 potions of magic
 i - a potion of berserk rage
 k - a potion of resistance


   Skills:
 + Level 4.4 Fighting
 + Level 2.4 Axes
 + Level 3.8 Armour
 + Level 3.8 Shields


You couldn't memorise any spells.
You didn't know any spells.
Your spell library was empty.

Dungeon Overview and Level Annotations

Branches:
Dungeon (1/1)

Altars:
Cheibriados
Dithmenos
Fedhas
Gozag
Makhleb
Qazlal
Ru
Sif Muna
Trog
Yredelemnul
Zin
Jiyva

Shops:
D *[?*(

Annotations:
D Sigmund


Innate Abilities, Weirdness & Mutations

You have a pair of horns on your head.
You reflexively headbutt those who attack you in melee.


Message History

Found Jiaqin's Premium Goods and Laidgh's Weapon Rack.
Found a burning altar of Makhleb and a shimmering blue altar of Sif Muna.
You block Sigmund's attack.
You closely miss Sigmund. You headbutt Sigmund.
Sigmund is lightly wounded.
You block Sigmund's attack.
Your shield prevents you from hitting Sigmund.
Sigmund is lightly wounded.
You block Sigmund's attack.
You hit Sigmund but do no damage.
Sigmund is lightly wounded.
Sigmund barely misses you.
You hit Sigmund. You headbutt Sigmund, but do no damage.
Sigmund is lightly wounded.
Sigmund laughs darkly.
You block Sigmund's attack.
You closely miss Sigmund.
Sigmund is lightly wounded.
You block Sigmund's attack.
You closely miss Sigmund. You headbutt Sigmund.
Sigmund is moderately wounded.
You block Sigmund's attack.
You hit Sigmund but do no damage.
Sigmund is moderately wounded.
You block Sigmund's attack.
You barely miss Sigmund.
Sigmund is moderately wounded.
Sigmund hits you with a +0 scythe.
You hit Sigmund.
Sigmund is moderately wounded.
Sigmund casts a spell at you. The puff of flame hits you!
You block Sigmund's attack.
You hit Sigmund but do no damage. Your headbutt misses Sigmund.
Sigmund is moderately wounded.
You block Sigmund's attack.
You closely miss Sigmund.
Sigmund is moderately wounded.
Sigmund hits you with a +0 scythe!
Ouch! That really hurt!
You die...

##.__.......# .....
###∩........8.# .8...
##.............###.....
#⌠..........###...#
#⌠..........# #.<.#
#⌠..........###...#
##.............###...
###∩........8.# .8...
##∩___....@.# .....
######.8.@.......8.#
#⌠...........⌠#
###.........###
#_........ #_......._
#_......._ #∩.......∩


You could see Sigmund.

Vanquished Creatures
  An endoplasm (D)
  A rat (D)
2 creatures vanquished.

Notes
Turn   | Place    | Note
-------+----------+-------------------------------------------
     0 | D        | boopmooplesden the Minotaur Fighter began the quest for the
                  | Orb.
     0 | D        | Reached XP level 1. HP: 19/19 MP: 0/0
     3 | D        | Found a shadowy altar of Dithmenos.
     4 | D        | Found a sacrificial altar of Ru.
     4 | D        | Found a bloodstained altar of Trog.
     5 | D        | Found a viscous altar of Jiyva.
     5 | D        | Found a basalt altar of Yredelemnul.
     5 | D        | Round 1.
     6 | D        | Found a blossoming altar of Fedhas.
     6 | D        | Found an opulent altar of Gozag.
     6 | D        | Found Jecsa's Identification Station.
     7 | D        | Found Qetatenn's Jewellery.
     7 | D        | Found Urierphad's Advanced Armour.
    15 | D        | Bought a vibrating wooden ring for 45 gold pieces
    15 | D        | Identified the ring "Nobuciwk" {rC- Will++ rCorr Dex+2}
                  | (You bought it in a shop in the Dungeon)
    15 | D        | Bought a vibrating steel ring for 45 gold pieces
    15 | D        | Identified the ring "Adghiteo" {Wiz rC+ rN++ Slay-5} (You
                  | bought it in a shop in the Dungeon)
    15 | D        | Bought a clouded copper amulet for 45 gold pieces
    15 | D        | Identified the amulet "Jomatis" {Reflect rC+ Will+ Int-2
                  | Dex+2 SH+5} (You bought it in a shop in the Dungeon)
    29 | D        | Reached skill level 4 in Fighting
    33 | D        | Noticed Sigmund
    34 | D        | Found a snail-covered altar of Cheibriados.
    35 | D        | Found a glowing silver altar of Zin.
    36 | D        | Found a stormy altar of Qazlal.
    37 | D        | Found a burning altar of Makhleb.
    37 | D        | Found a shimmering blue altar of Sif Muna.
    37 | D        | Found Jiaqin's Premium Goods.
    37 | D        | Found Laidgh's Weapon Rack.
    48 | D        | Slain by Sigmund

Illustrated notes

Levels and vault maps discovered:
D:        arena_sprint

Skill      XL: |  1 |
---------------+----+-----
Fighting       | 4 |  4.4
Axes           | |  2.4
Armour         | |  3.8
Shields        | |  3.8

Action                   || total
-------------------------++-------
Melee: War axe           ||    14
       Headbutt          ||     4
Armor: Scale mail        ||     1
Dodge: Dodged            ||     3
Block: Kite shield       ||    10
